 Dungeon Crawl Stone Soup version 0.31-a0-986-g5e6e4ef867 (webtiles) character file.

Game seed: 11117024990168001280

848 croobank the Trooper (level 7, -2/57 HPs)
             Began as a Mummy Monk on Nov 6, 2023.
             Slain by an orc warrior
             ... wielding a +0 flail
              (13 damage)
             ... on level 6 of the Dungeon.
             The game lasted 00:18:47 (5475 turns).

croobank the Trooper (Mummy Monk)                   Turns: 5475, Time: 00:18:48

Health: -2/57      AC:  4    Str: 15    XL:     7   Next: 69%
Magic:  7/7        EV: 14    Int: 11    God:
Gold:   65         SH:  0    Dex: 19    Spells: 6/6 levels left

rFire   . . .        d - +4 flail "Zivuc" {flame, *Rage rCorr Dex+3}
rCold   + + .        c - orb {light}
rNeg    + + +        t - +0 robe {Will+}
rPois   ∞            e - +0 helmet
rElec   .            (no cloak)
rCorr   +            (no gloves)
SInv    +            o - +0 pair of boots
Will    +....        (no amulet)
Stlth   +            v - ring "Imalur" {rC+ rN+ Dex+2 SInv}
HPRegen 0.29/turn    n - ring of protection from fire
MPRegen 0.10/turn

%: faith
@: glowing
A: cold resistance 1, negative energy resistance 3, torment resistance 2, heat
vulnerability 1, in touch with death 1, no potions, faith
a: no special abilities


You were on level 6 of the Dungeon.
You visited 1 branch of the dungeon, and saw 6 of its levels.

You collected 389 gold pieces.
You spent 324 gold pieces at shops.

Inventory:

Hand Weapons
 a - a +0 short sword of flaming
 b - a +4 dire flail
 d - the +4 flail "Zivuc" (weapon) {flame, *Rage rCorr Dex+3}
   (You bought it in a shop on level 1 of the Dungeon)

   Dex+3:     It affects your dexterity (+3).
   *Rage:     It berserks you when you make melee attacks (+20% chance).
   rCorr:     It protects you from acid and corrosion.
 f - a +3 war axe
 h - a +3 dagger
 q - a +2 falchion of draining
 r - a +0 short sword
Missiles
 m - 5 boomerangs (quivered)
 p - 3 datura-tipped darts
Armour
 c - an orb of light (worn)
 e - a +0 helmet (worn)
 o - a +0 pair of boots (worn)
 s - a +0 kite shield
 t - a +0 robe of willpower (worn)
Jewellery
 i - a ring of magical power
 n - a ring of protection from fire (right hand)
 v - the ring "Imalur" (left hand) {rC+ rN+ Dex+2 SInv}
   (You found it on level 6 of the Dungeon)

   [ring of protection from cold]

   Dex+2:     It affects your dexterity (+2).
   rC+:       It protects you from cold.
   rN+:       It protects you from negative energy.
   SInv:      It lets you see invisible.
Wands
 u - a wand of charming (10)
Scrolls
 g - a scroll of immolation
 j - 2 scrolls of poison
 k - a scroll of brand weapon
 l - 3 scrolls of noise


   Skills:
 + Level 5.6 Fighting
 + Level 4.6 Short Blades
 * Level 1.8 Maces & Flails
 + Level 4.6 Dodging


You had 6 spell levels left.
You didn't know any spells.
Your spell library contained the following spells:

 Spells                   Type           Power      Damage    Failure   Level
 Apportation              Tloc           0%         N/A       34%         1
 Magic Dart               Conj           0%         1d3       34%         1
 Necrotise                Necr           0%         1d4       34%         1
 Slow                     Hex            0%         N/A       34%         1
 Summon Small Mammal      Summ           0%         N/A       34%         1
 Call Imp                 Summ           0%         N/A       47%         2
 Poisonous Vapours        Pois/Air       0%         N/A       47%         2
 Confusing Touch          Hex            0%         N/A       71%         3
 Mephitic Cloud           Conj/Pois/Air  0%         N/A       71%         3
 Sigil of Binding         Hex            0%         N/A       71%         3
 Vampiric Draining        Necr           0%         2d6       71%         3
 Freezing Cloud           Conj/Ice/Air   0%         6-21      100%        5


Dungeon Overview and Level Annotations

Branches:
Dungeon (6/15)
 Temple: D:4-7

Altars:
Ashenzari
Fedhas
Kikubaaqudgha
Nemelex Xobeh
Okawaru
Qazlal
Uskayaw
Vehumet

Shops:
D:1 (


Innate Abilities, Weirdness & Mutations

You are immune to poison.
Your flesh is cold resistant. (rC+)
You are immune to negative energy. (rN+++)
You are immune to unholy pain and torment.
You are vulnerable to heat. (rF-)
You are in touch with the powers of death.
You do not drink.
You have a special connection with the divine. (Faith)


Message History

You destroy the wight!
Things that are here:
a +0 spear; a +0 robe You start resting.
An orc warrior comes into view. It is wielding a +0 flail.
The orc warrior shouts!
You hear a shout!
The orc warrior closely misses you.
You hit the orc warrior but do no damage.
An orc wizard comes into view. It is wielding a +0 dagger.
The orc warrior closely misses you.
You hit the orc warrior but do no damage.
The orc warrior hits you with a +0 flail.
You hit the orc warrior but do no damage.
The orc warrior hits you with a +0 flail!
The orc warrior misses you.
You hit the orc warrior. You burn the orc warrior.
The orc warrior is lightly wounded.
The orc warrior hits you with a +0 flail!
You hit the orc warrior. You burn the orc warrior.
The orc warrior is moderately wounded.
The orc warrior hits you with a +0 flail!
You hit the orc warrior. You burn the orc warrior.
The orc warrior is heavily wounded.
The orc warrior completely misses you.
You completely miss the orc warrior.
The orc warrior is heavily wounded.
The orc warrior hits you with a +0 flail!
* * * LOW HITPOINT WARNING * * *
The orc wizard casts a spell.
The orc wizard flickers and vanishes for a moment.
The orc warrior closely misses you.
An orc comes into view. It is wielding a +0 trident.
The orc shouts!
You hit the orc warrior. You burn the orc warrior.
The orc warrior is severely wounded.
The orc warrior closely misses you.
You sock the orc warrior! You burn the orc warrior.
The orc warrior is almost dead.
The orc warrior hits you with a +0 flail!
You die...

........# ..#.#.#. ........#
#...# ...#.#.# ........#
#...# ....#.#. ........##
...# .....#.. .......g. ..#
[....... <...?../#####.#
>#...... ..z..g.<.o.##.#####
#....... ........##.##.....#
#....... .........#oo@.....#
#.......
.........####.....####.......
.........# #................
.........# #.....####.......
........## #.....# #.......
######### #.....# #.......
###.### #.......
#.######.......
#..............


You could see an orc warrior, an orc wizard (invisible) and an orc.

Vanquished Creatures
  A black bear (D:5)
  2 ogres (D:5)
  A phantom (D:4)
  3 wights
  4 iguanas
  An orc wizard (D:4)
  12 adders
  2 gnolls (D:5)
  3 dart slugs
  13 orcs
  5 ball pythons
  10 bats
  9 endoplasms
  2 giant cockroaches
  8 goblins
  6 hobgoblins
  2 kobolds
  2 quokkas
  6 frilled lizards
  12 rats
104 creatures vanquished.

Notes
Turn   | Place    | Note
-------+----------+-------------------------------------------
     0 | D:1      | croobank the Mummy Monk began the quest for the Orb.
     0 | D:1      | Reached XP level 1. HP: 18/18 MP: 1/1
    53 | D:1      | Reached XP level 2. HP: 17/24 MP: 2/2
   107 | D:1      | Found Kotima's Antique Weapon Emporium.
   290 | D:1      | You fall into a shaft and drop 1 floor!
   318 | D:2      | Reached XP level 3. HP: 24/29 MP: 3/3
  1099 | D:2      | Reached XP level 4. HP: 32/37 MP: 4/4
  1392 | D:3      | Reached skill level 4 in Fighting
  2275 | D:3      | Reached XP level 5. HP: 39/42 MP: 5/5
  2363 | D:4      | Found an ancient bone altar of Kikubaaqudgha.
  2514 | D:4      | Noticed a phantom
  2526 | D:4      | Found an iron altar of Okawaru.
  2533 | D:4      | Found a hide-covered altar of Uskayaw.
  2533 | D:4      | Found a blossoming altar of Fedhas.
  2539 | D:4      | Killed a phantom
  2588 | D:4      | Found a sparkling altar of Nemelex Xobeh.
  2590 | D:4      | Found a radiant altar of Vehumet.
  2591 | D:4      | Found a stormy altar of Qazlal.
  3467 | D:5      | Entered Level 5 of the Dungeon
  3483 | D:5      | Found a broken altar of Ashenzari.
  3494 | D:5      | Noticed a black bear
  3496 | D:5      | Noticed an ogre
  3710 | D:5      | Killed an ogre
  3711 | D:5      | Reached XP level 6. HP: 47/50 MP: 6/6
  3743 | D:5      | Reached skill level 5 in Fighting
  4042 | D:5      | Reached XP level 7. HP: 9/56 MP: 7/7
  4264 | D:1      | Bought an iridescent flail for 204 gold pieces
  4264 | D:1      | Identified the +4 flail "Zivuc" {flame, *Rage rCorr Dex+3}
                  | (You bought it in a shop on level 1 of the Dungeon)
  4264 | D:1      | Bought a runed dagger for 120 gold pieces
  4808 | D:5      | Reached skill level 1 in Maces & Flails
  5193 | D:6      | Identified the ring "Imalur" {rC+ rN+ Dex+2 SInv}
  5475 | D:6      | Slain by an orc warrior

Illustrated notes

Levels and vault maps discovered:
D:1:      sevenhm_arrival_forest_fort_small_6, layout_basic, serial_shops, shop,
          serial_bayou_pond_c, minmay_misc_feat_rows, minmay_misc_feat_pillars
D:2:      layout_rooms
D:3:      layout_basic, hex_tiny
D:4:      kennysheep_spiral_hall, layout_layer_cave,
          kennysheep_okawaru_gauntlet, kiku_gazebo_garden_becter,
          grunt_temple_overflow_open, chequers_serial_rivers_small_a,
          minmay_misc_feat_square, grunt_decor_resistance, item_on_display_a
D:5:      layout_cave_pools, cheibrodos_ashenzari_chains,
          mainiacjoe_overflow_concentric_impassable
D:6:      layout_basic, hangedman_abyss_or_decor_slice, nicolae_the_louvre

Skill      XL: |  1  2  3  4  5  6  7 |
---------------+----------------------+-----
Dodging        | 3 4 |  4.6
Short Blades   | 3 4 |  4.6
Fighting       | 4 5 |  5.6
Maces & Flails | 1 |  1.8

Action                     |  1- 3 |  4- 6 |  7- 9 || total
---------------------------+-------+-------+-------++-------
  Melee: Short sword       |   154 |   234 |     2 ||   390
         Flail             |       |       |    47 ||    47
  Throw: Boomerang         |       |    68 |     1 ||    69
         Dart              |       |     1 |       ||     1
    Use: Scroll            |     3 |     8 |     3 ||    14
 Armour: Robe              |    70 |   115 |    36 ||   221
  Dodge: Dodged            |   109 |   162 |    46 ||   317

Table legend: (Time is in decaauts)
 A = Elapsed time spent in this place.
 B = Non-inter-level travel time spent in this place.
 C = Inter-level travel time spent in this place.
 D = Time resting spent in this place.
 E = Time spent auto-exploring this place.
 F = Levels seen in this place.
 G = Mean time per level.
                   A        B        C        D        E       F      G
               +--------+--------+--------+--------+--------+-----+--------+
         Total |   5454 |   5136 |    318 |   1092 |   2928 |   6 |  909.0 |
       Dungeon |   5454 |   5136 |    318 |   1092 |   2928 |   6 |  909.0 |
               +--------+--------+--------+--------+--------+-----+--------+

Top non-repeatable levels by time:
     D:4: 1364 daAuts
     D:5: 1213 daAuts
     D:3: 997 daAuts
     D:1: 898 daAuts
     D:6: 516 daAuts
     D:2: 464 daAuts
